 Dungeon Crawl Stone Soup version 0.30-a0-414-gcb316572d5 (webtiles) character file.

Game seed: 13163067369284935058

326 IdlyInterested the Trooper (level 6, 0/76 HPs)
             Began as a Demonspawn Wanderer on Dec 7, 2022.
             Slain by a kobold brigand
             ... wielding a +0 club
              (5 damage)
             ... on level 3 of the Dungeon.
             The game lasted 00:12:19 (3635 turns).

IdlyInterested the Trooper (Demonspawn Wanderer)    Turns: 3635, Time: 00:12:20

Health: 0/76       AC:  4    Str: 18    XL:     6   Next: 24%
Magic:  9/9        EV: 11    Int: 13    God:
Gold:   177        SH:  0    Dex: 18    Spells: 8/9 levels left

rFire   + . .      SeeInvis .    c - +2 mace (vorpal)
rCold   + . .      Faith    .    (no shield)
rNeg    + . .      Spirit   .    o - +1 robe
rPois   +          Reflect  .    (no helmet)
rElec   +          Harm     .    e - +0 cloak
rCorr   +          Rampage  .    (no gloves)
Will    .....                    (no boots)
Stlth   ..........               (no amulet)
HPRegen 0.32/turn                B - ring of Impatience {rN+ Str+5 Dex+4}
MPRegen 0.11/turn                (no ring)

@: berserking (expiring), resistant, flying, very quick
A: claws 2, spiny 1
a: no special abilities


You were on level 3 of the Dungeon.
You visited 1 branch of the dungeon, and saw 3 of its levels.

You collected 177 gold pieces.

Inventory:

Hand Weapons
 a - a +0 falchion
 c - a +2 vorpal mace (weapon)
 g - a +0 short sword
 h - a +0 trident
 j - a +0 dagger
 m - a +1 mace of protection
 t - a +0 flail
 A - a +0 flail
Missiles
 f - 76 stones
 i - 8 poisoned darts
 v - 3 boomerangs
Armour
 e - a +0 cloak (worn)
 o - a +1 robe (worn)
 r - a +0 scale mail
 u - a +0 ring mail
 w - a +0 leather armour
 x - an orb of guile
Magical Staves
 d - a staff of conjuration
Jewellery
 B - the ring of Impatience (left claw) {rN+ Str+5 Dex+4}
   (You found it on level 3 of the Dungeon)

   [ring of positive energy]

   Str:       It affects your strength (+5).
   Dex:       It affects your dexterity (+4).
   rN:        It protects you from negative energy.
Wands
 b - a wand of polymorph (4)
Scrolls
 y - a scroll of silence {unknown}
 C - a scroll of poison {unknown}
Potions
 k - a potion of attraction
 l - a potion of might
 z - a potion of haste {unknown}


   Skills:
 * Level 5.1 Fighting
 - Level 1.7 Long Blades
 - Level 2.0 Throwing
 - Level 1.0 Stealth
 - Level 2.0 Spellcasting
 * Level 1.6 Transmutations
 - Level 2.0 Poison Magic
 - Level 2.0 Invocations
 - Level 2.0 Evocations


You had 8 spell levels left.
You knew the following spells:

 Your Spells              Type           Power      Damage    Failure   Level
a - Sting                 Tmut/Pois      24%        1d4       12%         1

Your spell library contained the following spells:

 Spells                   Type           Power      Damage    Failure   Level
 Cigotuvi's Dreadful Rot  Necr/Pois/Air  6%         N/A       30%         2
 Olgreb's Toxic Radiance  Pois           6%         N/A       73%         4


Dungeon Overview and Level Annotations

Branches:
Dungeon (3/15)

Altars:


Innate Abilities, Weirdness & Mutations

You have very sharp fingernails.
You are partially covered in sharp spines.


Message History

You feel yourself moving faster!
You feel mighty! The kobold brigand barely misses you.
The kobold barely misses you.
The kobold brigand hits you with a +2 dagger of speed.
* * * LOW HITPOINT WARNING * * *
You thump the kobold brigand!
The kobold brigand is almost dead.
The kobold barely misses you.
The kobold brigand hits you with a +2 dagger of speed!
* * * LOW HITPOINT WARNING * * *
You sock the kobold brigand!
You kill the kobold brigand!
Your Fighting skill increases to level 5!
You have reached level 6!
Your demonic ancestry asserts itself...
Sharp spines emerge from parts of your body.
You closely miss the kobold. The kobold is struck by your spines.
You kill the kobold!
The kobold brigand throws a poisoned dart.
The poisoned dart closely misses you.
The kobold brigand throws a poisoned dart.
The poisoned dart hits you!
There is an open door, spattered with blood here.
You feel a strong urge to attack something.
You sock the kobold brigand!
The kobold brigand is heavily wounded.
The kobold brigand is struck by your spines.
The kobold brigand hits you with a +0 club.
* * * LOW HITPOINT WARNING * * *
You hit the kobold brigand.
The kobold brigand is almost dead.
The kobold brigand hits you but does no damage.
You hit the kobold brigand.
The kobold brigand is almost dead.
The kobold brigand hits you with a +0 club.
* * * LOW HITPOINT WARNING * * *
You barely miss the kobold brigand.
The kobold brigand is almost dead.
The kobold brigand is struck by your spines.
The kobold brigand hits you with a +0 club.
You die...

########################
....#....#......)#.....##
....#....#......)'......##
#####....#########.......#
...#......#......).......#
...'......'.....)).......+
...#......#..............#
#####....#########.......#
....#....#.....K@').....##
....#....#.......#.....##
######))#########################
≈≈≈≈~....~~≈≈≈≈≈≈≈≈≈≈≈≈≈≈≈≈≈≈≈≈≈≈
≈≈≈≈~.....~≈≈≈≈≈≈≈≈≈≈≈≈≈≈≈≈≈~≈≈≈~
~~~~~....~~~~~≈~~~~~≈~~~~~~~~≈~~~
~.~~~.....~.~.~~~..~.~~~~~.~~~~~.
.................................
.................................


You could see a kobold brigand.

Vanquished Creatures
  3 kobold brigands (D:3)
  A gnoll (D:3)
  3 adders
  A worm (D:2)
  3 orcs (D:3)
  5 bats
  6 endoplasms
  A giant cockroach (D:3)
  5 goblins
  7 hobgoblins
  A quokka (D:1)
  A ball python (D:1)
  A frilled lizard (D:2)
  33 kobolds
  6 rats
77 creatures vanquished.

Vanquished Creatures (others)
  4 toadstools (D:3)
4 creatures vanquished.

Grand Total: 81 creatures vanquished

Notes
Turn   | Place    | Note
-------+----------+-------------------------------------------
     0 | D:1      | IdlyInterested the Demonspawn Wanderer began the quest for
                  | the Orb.
     0 | D:1      | IdlyInterested set off with the following items: a +0
                  | falchion, a wand of polymorph (4), a potion of
                  | lignification, a +0 robe; and the following spell
                  | memorised: Sting; and the following spells available to
                  | memorise: Cigotuvi's Dreadful Rot, Olgreb's Toxic Radiance.
     0 | D:1      | Reached XP level 1. HP: 13/13 MP: 3/3
   144 | D:1      | HP: 1/21 [hobgoblin (1)]
   146 | D:1      | Reached skill level 1 in Fighting
   151 | D:1      | Gained mutation: You have sharp fingernails. [demonic
                  | ancestry]
   151 | D:1      | Reached XP level 2. HP: 3/21 MP: 0/5
  1412 | D:2      | Reached skill level 1 in Throwing
  1412 | D:2      | Reached XP level 3. HP: 9/27 MP: 4/6
  1664 | D:2      | Reached skill level 2 in Fighting
  2284 | D:3      | Reached XP level 4. HP: 34/34 MP: 7/7
  2851 | D:3      | Identified the ring of Impatience {rN+ Str+5 Dex+4}
  2936 | D:3      | Found a faded altar of an unknown god.
  3056 | D:3      | Reached skill level 3 in Fighting
  3275 | D:3      | Noticed a kobold brigand
  3288 | D:3      | Killed a kobold brigand
  3289 | D:3      | Reached skill level 1 in Transmutations
  3289 | D:3      | Gained mutation: You have very sharp fingernails. [demonic
                  | ancestry]
  3289 | D:3      | Reached XP level 5. HP: 15/42 MP: 2/8
  3433 | D:3      | Reached skill level 4 in Fighting
  3629 | D:3      | Reached skill level 5 in Fighting
  3629 | D:3      | Gained mutation: You are partially covered in sharp spines.
                  | [demonic ancestry]
  3629 | D:3      | Reached XP level 6. HP: 7/51 MP: 9/9
  3635 | D:3      | Slain by a kobold brigand

Illustrated notes

Levels and vault maps discovered:
D:1:      dpeg_arrival_pits, layout_basic, moated_statue
D:2:      layout_rooms, nicolae_titane
D:3:      minmay_goblin_kobold_castle, layout_basic,
          chequers_ecumenical_altar_lobes, minmay_gold_behind_fungi,
          minmay_misc_feat_room

Skill      XL: |  1  2  3  4  5 |
---------------+----------------+-----
Fighting       | 1 2 3 5 |  5.1
Invocations    | 2 |  2.0
Throwing       | 1 2 |  2.0
Transmutations | 1 |  1.6
Long Blades    | |  1.7
Stealth        | |  1.0
Spellcasting   | |  2.0
Poison Magic   | |  2.0
Evocations     | |  2.0

Action                   |  1- 3 |  4- 6 || total
-------------------------+-------+-------++-------
Melee: Falchion          |    14 |       ||    14
       Unarmed           |     1 |       ||     1
       Mace              |    75 |    94 ||   169
       Punch             |     1 |     1 ||     2
Throw: Stone             |     4 |       ||     4
 Cast: Sting             |    15 |    13 ||    28
  Use: Potion            |     1 |     5 ||     6
       Scroll            |     7 |       ||     7
 Stab: Sleeping          |     1 |     2 ||     3
Armor: Skin              |     9 |       ||     9
       Robe              |    20 |    19 ||    39
Dodge: Dodged            |    62 |    66 ||   128

Table legend: (Time is in decaauts)
 A = Elapsed time spent in this place.
 B = Non-inter-level travel time spent in this place.
 C = Inter-level travel time spent in this place.
 D = Time resting spent in this place.
 E = Time spent auto-exploring this place.
 F = Levels seen in this place.
 G = Mean time per level.
                   A        B        C        D        E       F      G
               +--------+--------+--------+--------+--------+-----+--------+
         Total |   3701 |   3120 |    581 |    735 |   1499 |   3 | 1233.7 |
       Dungeon |   3701 |   3120 |    581 |    735 |   1499 |   3 | 1233.7 |
               +--------+--------+--------+--------+--------+-----+--------+

Top non-repeatable levels by time:
     D:3: 1666 daAuts
     D:1: 1202 daAuts
     D:2: 833 daAuts
